 Dungeon Crawl Stone Soup version 0.20.0-8-g6b59dc7 (webtiles) character file.

190 Monsterracer the Chopper (level 5, -2/46 HPs)
             Began as a Hill Orc Fighter on May 30, 2017.
             Was a Follower of Uskayaw.
             Slain by Eustachio
             ... wielding a +3 rapier of venom
              (4 damage)
             ... on level 4 of the Dungeon.
             The game lasted 00:04:03 (2508 turns).

Monsterracer the Chopper (Hill Orc Fighter)         Turns: 2508, Time: 00:04:04

Health: -2/46      AC:  6    Str: 20 (22) XL:     5   Next: 69%
Magic:  6/6        EV:  9    Int:  5 (8)  God:    Uskayaw [*.....]
Gold:   155        SH:  0    Dex:  5 (11) Spells: 4/4 levels left

rFire    . . .     SeeInvis .   a - +0 war axe
rCold    . . .     Gourm    .   (no shield)
rNeg     . . .     Faith    .   b - +0 scale mail
rPois    .         Spirit   .   (helmet restricted)
rElec    .         Reflect  .   (no cloak)
rCorr    .         Harm     .   (no gloves)
MR       +....                  (no boots)
Stlth    ..........             (no amulet)
Regen    0.2/turn               (no ring)
MPRegen  0.1/turn               (no ring)

@: mighty, lethally poisoned (-2 -> -6), hasted, very quick
A: horns 1, magic resistance 1, weak 1, wild magic 1
a: Stomp, Renounce Religion


You were on level 4 of the Dungeon.
You worshipped Uskayaw.
Uskayaw was noncommittal.
You were not hungry.

You visited 1 branch of the dungeon, and saw 4 of its levels.

You collected 155 gold pieces.

Inventory:

Hand Weapons
 a - a +0 war axe (weapon)
 r - a +0 morningstar
Armour
 b - a +0 scale mail (worn)
Scrolls
 e - 2 scrolls of remove curse {unknown}
 g - 4 scrolls of teleportation {unknown}
 h - a scroll of enchant armour {unknown}
 i - 5 scrolls of identify {unknown}
 k - a scroll of noise {unknown}
 l - 3 scrolls of amnesia {unknown}
 p - a scroll of fog {unknown}
Potions
 m - a potion of mutation
 q - a potion of haste
Comestibles
 c - a meat ration
 f - a bread ration
 j - a royal jelly


   Skills:
 + Level 4.0 Fighting
 * Level 6.5 Axes
 + Level 3.5 Armour
 + Level 1.0 Dodging
   Level 3.2 Shields
 + Level 1.3 Invocations


You had 4 spell levels left.
You didn't know any spells.

Dungeon Overview and Level Annotations

Branches:
Dungeon (4/15)
 Temple: D:4-7

Altars:
Uskayaw
Vehumet
Xom

Annotations:
D:4 Eustachio


Innate Abilities, Weirdness & Mutations

You have a pair of small horns on your head.
You are resistant to hostile enchantments. (MR+)
You are weak. (Str -2)
Your spells are a little harder to cast, but a little more powerful.


Message History

You closely miss the white imp. You hit Eustachio but do no damage.
Eustachio is moderately wounded.
Your scale mail prevents you from hitting the white imp.
Eustachio hits you with a rapier of venom.
* * * LOW HITPOINT WARNING * * *
You are poisoned.
The white imp hits you.
* * * LOW HITPOINT WARNING * * *
The white imp freezes you.
* * * LOW HITPOINT WARNING * * *
You feel yourself speed up.
You feel sick. Eustachio closely misses you. The white imp barely misses you.
You feel very mighty all of a sudden. The white imp hits you.
* * * LOW HITPOINT WARNING * * *
The white imp freezes you.
* * * LOW HITPOINT WARNING * * *
Eustachio hits you with a rapier of venom.
You die...

#. ### ## #.#
####.# #.# #...
..#.# #.#
#.#.##.#.# ##.#
#....#.#.###5###
####..$.....55.#
#........#.##@@#
#..........###.#
#........#.###..
#.....##.#.).#.#.
###.####.#.#.#.##.
#.# #...#<#.# #.
#.# #######.# #.
... ..# ## ##


You could see Eustachio, a white imp and 2 ufetubi.

Vanquished Creatures
  An orc wizard (D:3)
  A worker ant (D:3)
  A hound skeleton (D:3)
  A gnoll (D:1)
  3 adders
  2 worms
  A dart slug (D:2)
  A leopard gecko (D:3)
  4 orcs (D:3)
  A ball python (D:2)
  5 giant cockroaches
  7 goblins
  14 hobgoblins
  2 jackals
  4 kobolds
  3 quokkas
  2 bats (D:1)
  6 frilled lizards
  24 rats
83 creatures vanquished.

Notes
Turn   | Place    | Note
-------+----------+-------------------------------------------
     0 | D:1      | Monsterracer the Hill Orc Fighter began the quest for the Orb.
     0 | D:1      | Reached XP level 1. HP: 19/19 MP: 1/1
    11 | D:1      | Reached skill level 3 in Axes
    26 | D:1      | Reached XP level 2. HP: 12/26 MP: 2/2
   260 | D:1      | Reached skill level 4 in Axes
   372 | D:1      | Reached XP level 3. HP: 28/31 MP: 3/3
   727 | D:1      | Reached skill level 5 in Axes
  1228 | D:2      | Reached XP level 4. HP: 39/39 MP: 4/4
  1253 | D:2      | Gained mutation: You are weak. (Str -2) [potion of mutation]
  1253 | D:2      | Gained mutation: You have a pair of small horns on your head. [potion of mutation]
  1253 | D:2      | Gained mutation: Your spells are a little harder to cast, but a little more powerful. [potion of mutation]
  1253 | D:2      | Gained mutation: You are resistant to hostile enchantments. (MR+) [potion of mutation]
  1267 | D:2      | Found a hide-covered altar of Uskayaw.
  1268 | D:2      | Noticed a hand axe
  1269 | D:2      | Noticed a hand axe
  1288 | D:2      | Became a worshipper of Uskayaw the Reveler
  1446 | D:2      | Reached skill level 6 in Axes
  1460 | D:2      | Reached * piety under Uskayaw
  1738 | D:3      | Reached ** piety under Uskayaw
  1739 | D:3      | Reached XP level 5. HP: 33/46 MP: 5/5
  1745 | D:3      | Reached *** piety under Uskayaw
  1930 | D:3      | Reached skill level 1 in Invocations
  2064 | D:3      | Found a shimmering altar of Xom.
  2157 | D:3      | Reached skill level 1 in Dodging
  2295 | D:3      | Found a radiant altar of Vehumet.
  2473 | D:4      | Noticed Eustachio
  2508 | D:4      | HP: 2/46 [white imp[Eustachio] (3)]
  2508 | D:4      | Slain by Eustachio

Skill      XL: |  1  2  3  4  5 |
---------------+----------------+-----
Axes           | 3 4 5 6 |  6.5
Invocations    | 1 |  1.3
Dodging        | 1 |  1.0
Fighting       | 4 |  4.0
Armour         | |  3.5
Shields        | |  3.2

Action                   |  1- 3 |  4- 6 || total
-------------------------+-------+-------++-------
Melee: War axe           |   116 |   108 ||   224
       Headbutt          |       |     9 ||     9
  Use: Potion            |     3 |     5 ||     8
  Eat: Chunk             |     1 |     4 ||     5
Armor: Scale mail        |    48 |    59 ||   107
Dodge: Dodged            |    30 |    53 ||    83
Block: Shield            |    46 |     9 ||    55
